 Dungeon Crawl Stone Soup version 0.30-a0-170-g85af917532 (webtiles) character file.

Game seed: 10374456908783369118

94 gelatine the Magician (level 4, -6/31 HPs)
             Began as a Djinni Fire Elementalist on Oct 1, 2022.
             Mangled by Natasha (7 damage)
             ... on level 2 of the Dungeon.
             The game lasted 00:02:53 (2150 turns).

gelatine the Magician (Djinni Fire Elementalist)    Turns: 2150, Time: 00:02:54

Health: -6/31      AC:  2    Str:  7    XL:     4   Next: 94%
Gold:   63         EV: 12    Int: 19    God:
                   SH:  0    Dex: 13

rFire   + + .      SeeInvis .    (no weapon)
rCold   x . .      Faith    .    (no shield)
rNeg    . . .      Spirit   .    a - +0 robe
rPois   ∞          Reflect  .    (no helmet)
rElec   .          Harm     .    (no cloak)
rCorr   .          Rampage  .    (no gloves)
Will    .....                    (boots unavailable)
Stlth   ++........               (no amulet)
HPRegen 0.10/turn                (no ring)
MPRegen 0.00/turn                (no ring)

@: flying
A: sickness immunity, fire resistance 2, cold vulnerability 1, float, innate
caster, HP casting, extra vitality 1
a: no special abilities


You were on level 2 of the Dungeon.
You visited 1 branch of the dungeon, and saw 2 of its levels.

You collected 63 gold pieces.

Inventory:

Armour
 a - a +0 robe (worn)
Jewellery
 l - a ring of ice
Wands
 n - a wand of polymorph (4)
Scrolls
 b - 3 scrolls of identify {unknown}
 d - a scroll of acquirement {unknown}
 e - 2 scrolls of teleportation {unknown}
 f - 2 scrolls of butterflies {unknown}
 g - 2 scrolls of immolation {unknown}
 h - 3 scrolls of blinking {unknown}
 m - a scroll of vulnerability {unknown}
Potions
 c - 2 potions of curing {unknown}
 i - a potion of invisibility {unknown}
 j - a potion of degeneration {unknown}
 k - 4 potions of attraction {unknown}
 o - a potion of flight {unknown}


   Skills:
 + Level 0.2 Fighting
 + Level 2.3 Dodging
 + Level 1.9 Stealth
 + Level 0.7 Unarmed Combat
 + Level 3.7 Spellcasting


You couldn't memorise any spells.
You knew the following spells:

 Your Spells              Type           Power      Damage    Failure   Level
a - Foxfire               Conj/Fire      68%        2x1d7     3%          1
b - Scorch                Fire           34%        2d6       4%          2
c - Kindle Blastsparks    Fire/Tloc/Air  34%        2d12      9%          3
d - Inner Flame           Hex/Fire       17%        N/A       9%          3
e - Flame Wave            Conj/Fire      17%        2d7       30%         4
f - Beastly Appendage     Tmut           34%        N/A       3%          1
Your spell library was empty.

Dungeon Overview and Level Annotations

Branches:
Dungeon (2/15)

Altars:

Shops:
D:2 :

Annotations:
D:2 Natasha


Innate Abilities, Weirdness & Mutations

You are immune to sickness and miasma.
You are immune to poison.
Your flesh is very heat resistant. (rF++)
You are vulnerable to cold. (rC-)
You float through the air rather than walking.
You learn spells naturally, not from books.
Your magical power is your life essence.
You have superior vitality. (+4 MHP)


Message History

The foxfire hits the crimson imp.
The crimson imp completely resists.
The shadow imp hits you.
The crimson imp hits you but does no damage.
Casting: Scorch (safe; 4% risk of failure)
Confirm with . or Enter, or press ? or * to list all spells.
Flames lash the crimson imp but do no damage.
The shadow imp barely misses you. The crimson imp closely misses you.
You are too injured to fight recklessly!
You are too injured to fight recklessly!
Casting: Scorch (safe; 4% risk of failure)
Confirm with . or Enter, or press ? or * to list all spells.
The spell is extremely dangerous to miscast (30% risk of failure)!
Continue anyway?
Casting: Flame Wave (extremely dangerous; 30% risk of failure)
Press: ? - help, Dir - look around, f - activate A wave of flame ripples out!
The flame wave engulfs the shadow imp!
The shadow imp is severely wounded.
The flame wave engulfs the crimson imp.
The crimson imp completely resists. (Press . to intensify the flame waves.)
* * * LOW HITPOINT WARNING * * *
You hear a shout!
Natasha is no longer more vulnerable to fire.
The shadow imp gestures at you. Pain shoots through your body!
* * * LOW HITPOINT WARNING * * *
The crimson imp barely misses you.
A wave of flame ripples out!
The flame wave engulfs the shadow imp!
You kill the shadow imp!
The shadow imp disappears in a puff of smoke!
The flame wave engulfs the crimson imp.
The crimson imp completely resists.
The flame wave engulfs Natasha.
Natasha is heavily wounded.
* * * LOW HITPOINT WARNING * * *
The crimson imp hits you but does no damage.
Unknown command.
A wave of flame ripples out!
The flame wave engulfs Natasha.
Natasha is severely wounded.
The flame wave engulfs the crimson imp.
The crimson imp completely resists.
* * * LOW HITPOINT WARNING * * *
You finish channelling waves of flame.
Natasha claws you!
You die...

#... #....## ..#
###....# .. .
#..#.#.##.# #...∩.<...#
##### #...#.#..###
....#####......######..
.....## ###...>##.....
.....)######...†h5#
................@.##
......######†.###..##
......# #†.####..#
......# #...# ##.#####
......# ##..# #.....#
.....## ##.# #######
....## #.# ##### ###


You could see Natasha and a crimson imp (summoned).

Vanquished Creatures
  Natasha (twice) (D:2)
  2 adders (D:2)
  A dart slug (D:1)
  4 bats
  5 endoplasms (D:1)
  2 giant cockroaches (D:1)
  A hobgoblin (D:2)
  2 jackals (D:1)
  2 quokkas (D:2)
  2 ball pythons (D:1)
  3 kobolds
  A rat (D:2)
27 creatures vanquished.

Vanquished Creatures (collateral kills)
  2 foxfires (D:1)
2 creatures vanquished.

Vanquished Creatures (others)
  133 foxfires
133 creatures vanquished.

Grand Total: 162 creatures vanquished

Notes
Turn   | Place    | Note
-------+----------+-------------------------------------------
     0 | D:1      | gelatine the Djinni Fire Elementalist began the quest for
                  | the Orb.
     0 | D:1      | gelatine set off with the following spells memorised:
                  | Foxfire, Scorch, Kindle Blastsparks, Inner Flame, Flame
                  | Wave.
     0 | D:1      | Reached XP level 1. HP: 15/15 MP: 0/0
   565 | D:1      | Reached XP level 2. HP: 17/21 MP: 0/0
  1322 | D:1      | Reached skill level 3 in Spellcasting
  1322 | D:1      | Reached XP level 3. HP: 21/25 MP: 0/0
  1322 | D:1      | Learned a level 1 spell: Beastly Appendage
  1408 | D:1      | Found a faded altar of an unknown god.
  1495 | D:2      | Found Inuanlir's Book Emporium.
  1961 | D:2      | Noticed Natasha
  1965 | D:2      | Killed Natasha
  1966 | D:2      | Reached XP level 4. HP: 24/31 MP: 0/0
  2046 | D:2      | Noticed Natasha
  2051 | D:2      | Killed Natasha
  2139 | D:2      | Noticed Natasha
  2150 | D:2      | Mangled by Natasha

Illustrated notes

Levels and vault maps discovered:
D:1:      minmay_arrival_diagonal_passages, layout_rooms, serial_forest,
          infiniplex_forest_diagonal, infiniplex_forest_lined_room_3,
          infiniplex_forest_3_way, infiniplex_forest_lined_2,
          infiniplex_forest_straight_3, infiniplex_forest_clump_small,
          infiniplex_forest_straight_5, shapermc_ecumenical_altar_mp_vishouse
D:2:      layout_rooms, serial_shops, nicolae_shop_crystal, uniq_natasha

Skill      XL: |  1  2 |
---------------+-------+-----
Spellcasting   | 3 |  3.7
Fighting       | |  0.2
Dodging        | |  2.3
Stealth        | |  1.9
Unarmed Combat | |  0.7

Action                   |  1- 3 |  4- 6 || total
-------------------------+-------+-------++-------
Melee: Unarmed           |     3 |       ||     3
 Cast: Foxfire           |    75 |     8 ||    83
       Scorch            |     3 |     6 ||     9
       Flame Wave        |       |     1 ||     1
Armor: Robe              |       |     3 ||     3
Dodge: Dodged            |     8 |     8 ||    16

Table legend: (Time is in decaauts)
 A = Elapsed time spent in this place.
 B = Non-inter-level travel time spent in this place.
 C = Inter-level travel time spent in this place.
 D = Time resting spent in this place.
 E = Time spent auto-exploring this place.
 F = Levels seen in this place.
 G = Mean time per level.
                   A        B        C        D        E       F      G
               +--------+--------+--------+--------+--------+-----+--------+
         Total |   2149 |   2064 |     85 |      0 |   1882 |   2 | 1074.5 |
       Dungeon |   2149 |   2064 |     85 |      0 |   1882 |   2 | 1074.5 |
               +--------+--------+--------+--------+--------+-----+--------+

Top non-repeatable levels by time:
     D:1: 1495 daAuts
     D:2: 654 daAuts
